 Dungeon Crawl Stone Soup version 0.31-a0-426-g3a05650e59 (webtiles) character file.

Game seed: 7966526841060525642

49 LeprechaunX the Ruffian (level 3, 0/24 HPs)
             Began as an Octopode Shapeshifter on July 31, 2023.
             Succumbed to an adder's poison
             ... on level 2 of the Dungeon.
             The game lasted 00:00:58 (1177 turns).

LeprechaunX the Ruffian (Octopode Shapeshifter)     Turns: 1177, Time: 00:00:59

Health: 0/24       AC:  1    Str: 16    XL:     3   Next: 75%
Magic:  3/3        EV: 13    Int: 10    God:
Gold:   109        SH:  0    Dex: 12    Spells: 2/2 levels left

rFire   . .          .
                       - Unarmed
rCold   . . .        (no shield)
rNeg    . . .        (helmet currently unavailable)
rPois   .            (no amulet)
rElec   .            (no ring)
rCorr   .            (no ring)
SInv    .            (no ring)
Will    .....        (no ring)
Stlth   ++           (no ring)
HPRegen 0.24/turn    (no ring)
MPRegen 0.08/turn    (no ring)
                     (no ring)

%: no passive effects
@: lethally poisoned (0 -> -2), beast-form
A: beast (slay +2), almost no armour, amphibious, 8 rings, camouflage 1,
gelatinous body 1, (nimble swimmer 1), tentacles
a: Begin Untransformation


You were on level 2 of the Dungeon.
You were a hulking beast.
You visited 1 branch of the dungeon, and saw 2 of its levels.

You collected 109 gold pieces.

Inventory:

Hand Weapons
 a - a +1 sling of flaming
Talismans
 b - a beast talisman (active)
Scrolls
 d - a scroll of identify {unknown}
Potions
 c - 2 potions of heal wounds {unknown}
 e - a potion of lignification


   Skills:
 + Level 1.7 Fighting
 + Level 2.4 Dodging
 * Level 3.7 Unarmed Combat
 + Level 3.2 Shapeshifting


You had 2 spell levels left.
You didn't know any spells.
Your spell library was empty.

Dungeon Overview and Level Annotations

Branches:
Dungeon (2/15)

Altars:


Innate Abilities, Weirdness & Mutations

You are a hulking beast.
Your limbs bulge with bestial killing power. (Slay +2)
You cannot wear most types of armour.
You are amphibious.
You can wear up to eight rings at the same time.
Your skin changes colour to match your surroundings (Stealth+).
Your rubbery body absorbs attacks. (AC +1, EV +1)
((You are camouflaged when in or above water. (Stealth+)))
You have tentacles for arms and can constrict up to eight enemies at once.


Message History

The adder poisons you!
You bludgeon the adder!
You kill the adder!
You feel sick.
You closely miss the hobgoblin. Your grab misses the hobgoblin.
You feel very sick. The hobgoblin closely misses you.
You are too injured to fight recklessly!
You are too injured to fight recklessly!
You are too injured to fight recklessly!
You are too injured to fight recklessly!
You are too injured to fight recklessly!
You are too injured to fight recklessly!
You are too injured to fight recklessly!
You are too injured to fight recklessly!
You are too injured to fight recklessly!
You are too injured to fight recklessly!
You are too injured to fight recklessly!
You are too injured to fight recklessly!
You are too injured to fight recklessly!
You are too injured to fight recklessly!
Unknown command.
You bludgeon the hobgoblin!
You kill the hobgoblin!
You feel sick.
You miss the adder. You grab the adder. You squeeze the adder.
The adder is heavily wounded.
You constrict the adder.
You feel sick. The adder barely misses you.
You bludgeon the adder!
You kill the adder!
You feel sick.
The goblin shoots a sling bullet.
The sling bullet hits you.
* * * LOW HITPOINT WARNING * * *
You feel sick.
The goblin unwields a +0 sling.
The goblin wields a +0 club.
The goblin hits you with a +0 club.
* * * LOW HITPOINT WARNING * * *
Things that are here:
an adder corpse; a hobgoblin corpse; an adder corpse You tentacle-slap the goblin.
You kill the goblin!
You die...

## ###
... ##
..
..##.
.###
...#...
#.).#
#h# #.#
#.# #.#
#.# #.#
#.#
##.##
##...##


There were no monsters in sight!

Vanquished Creatures
  2 adders (D:2)
  A dart slug (D:1)
  6 ball pythons (D:1)
  3 bats (D:1)
  2 endoplasms (D:1)
  A giant cockroach (D:1)
  4 goblins
  3 hobgoblins
  A kobold (D:1)
  A quokka (D:2)
  2 rats (D:1)
26 creatures vanquished.

Notes
Turn   | Place    | Note
-------+----------+-------------------------------------------
     0 | D:1      | LeprechaunX the Octopode Shapeshifter began the quest for
                  | the Orb.
     0 | D:1      | Reached XP level 1. HP: 13/13 MP: 1/1
     2 | D:1      | Noticed a vampire
     2 | D:1      | Noticed a formicid
     4 | D:1      | Noticed a naga
     4 | D:1      | Noticed a minotaur
     6 | D:1      | Noticed a merfolk
     6 | D:1      | Noticed an elf
     8 | D:1      | Noticed an octopode
    10 | D:1      | Noticed a draconian
    10 | D:1      | Noticed an ogre
    12 | D:1      | Noticed a troll
    14 | D:1      | Noticed a demonspawn
    14 | D:1      | Noticed a demigod
    16 | D:1      | Noticed a gargoyle
    18 | D:1      | Noticed a tengu
    18 | D:1      | Noticed a vine stalker
    20 | D:1      | Noticed a meteoran
    20 | D:1      | Noticed a human
    22 | D:1      | Noticed a ghoul
    22 | D:1      | Noticed a felid
    24 | D:1      | Noticed a spriggan
    24 | D:1      | Noticed an armataur
    26 | D:1      | Noticed a human
   237 | D:1      | Reached XP level 2. HP: 16/18 MP: 2/2
   487 | D:1      | Found a faded altar of an unknown god.
   847 | D:1      | Reached XP level 3. HP: 23/23 MP: 3/3
  1176 | D:2      | HP: 1/24 [goblin/+0 club (4)]
  1177 | D:2      | Succumbed to an adder's poison

Illustrated notes

Levels and vault maps discovered:
D:1:      kb_arrival_jail, layout_loops_ring, serial_co_window_serial,
          co_window_corner_a, co_window_corner_a, co_window_paths_a,
          co_window_of_opportunity_a, co_window_paths_b, co_window_corner_b,
          co_window_paths_c, co_window_broadway_a, co_window_unsneaky_path_c,
          co_window_sun, co_window_paths_e, glass_columns_a, glass_columns_a,
          glass_columns_c, ebering_ecumenical_altar_abandoned
D:2:      layout_loops_ring, kennysheep_crisscross, nrook_mini_vaults

Action                     || total
---------------------------++-------
  Melee: Unarmed           ||    49
         Constrict         ||    11
         Tentacles         ||     6
         Punch             ||     1
   Stab: Sleeping          ||     5
  Dodge: Dodged            ||    33

Table legend: (Time is in decaauts)
 A = Elapsed time spent in this place.
 B = Non-inter-level travel time spent in this place.
 C = Inter-level travel time spent in this place.
 D = Time resting spent in this place.
 E = Time spent auto-exploring this place.
 F = Levels seen in this place.
 G = Mean time per level.
                   A        B        C        D        E       F      G
               +--------+--------+--------+--------+--------+-----+--------+
         Total |   1173 |   1115 |     58 |      0 |    981 |   2 |  586.5 |
       Dungeon |   1173 |   1115 |     58 |      0 |    981 |   2 |  586.5 |
               +--------+--------+--------+--------+--------+-----+--------+

Top non-repeatable levels by time:
     D:1: 1124 daAuts
     D:2: 48 daAuts
